 Dungeon Crawl Stone Soup version 0.31-a0-521-gc7390f8997 (console) character file.

Game seed: 1984378661244459908

1376 petzl the Thaumaturge (level 8, -1/56 (58) HPs)
             Began as a Formicid Delver on Aug 10, 2023.
             Killed from afar by an electric eel (9 damage)
             ... with a bolt of electricity
             ... in a bailey.
             The game lasted 00:33:05 (8461 turns).

petzl the Thaumaturge (Formicid Delver)             Turns: 8461, Time: 00:33:05

HP:   -1/56 (58)    AC: 13    Str: 17    XL:     8   Next: 98%
MP:   20/21         EV: 11    Int: 15    God:
Gold: 195           SH:  0    Dex: 15    Spells: 19/26 levels left

rFire   . . .        a - +1 mace
rCold   . . .        (no shield)
rNeg    . . .        z - +4 ring mail
rPois   +            (helmet unavailable)
rElec   .            N - +0 cloak
rCorr   .            j - +1 pair of gloves of Duhitha {rPois Int+3}
SInv    +            h - +0 pair of boots
Will    .....        (no amulet)
Stlth   +++          P - ring of wizardry
HPRegen 0.29/turn    q - ring of flight
MPRegen 0.17/turn

%: wizardry (x1)
@: flying, lightly drained
A: permanent stasis, dig shafts and tunnels, antennae 3, four strong arms
a: Dig


You were in a bailey.
You visited 1 branch of the dungeon, and saw 9 of its levels.
You also visited: Bailey.

You collected 351 gold pieces.
You spent 156 gold pieces at shops.

Inventory:

Hand Weapons
 a - a +1 mace (weapon)
 c - the +0 broad axe of Focus {flame, rF+, !f =f}
   (You found it on level 8 of the Dungeon)

   rF+:       It protects you from fire.
 O - a +1 war axe of freezing {!f =f}
Missiles
 e - 31 stones (quivered)
 k - 10 poisoned darts
Armour
 h - a +0 pair of boots (worn)
 j - the +1 pair of gloves of Duhitha (worn) {rPois Int+3}
   (You acquired it on level 2 of the Dungeon)

   Int+3:     It affects your intelligence (+3).
   rPois:     It protects you from poison
 z - a +4 ring mail (worn)
 N - a +0 cloak (worn)
Magical Staves
 m - a staff of cold
Jewellery
 l - a +6 ring of dexterity
 q - a ring of flight (right hand)
 w - a ring of positive energy
 G - a ring of fire
 J - a ring of fire
 M - a ring of poison resistance
 P - a ring of wizardry (left hand)
Wands
 d - a wand of polymorph (9)
 x - a wand of flame (4)
Scrolls
 f - a scroll of vulnerability
 g - 2 scrolls of identify
 r - a scroll of brand weapon
 u - 3 scrolls of enchant weapon
 y - a scroll of torment
 A - 2 scrolls of enchant armour
 D - 2 scrolls of amnesia
 K - a scroll of poison
 L - a scroll of immolation
 Q - 3 scrolls of fog
Potions
 b - 2 potions of degeneration {unknown}
 n - a potion of magic
 o - a potion of brilliance {unknown}
 p - 2 potions of haste {unknown}
 s - 3 potions of attraction {unknown}
 t - a potion of cancellation
 v - a potion of lignification
 C - 2 potions of curing
 F - 2 potions of invisibility
 I - 2 potions of might {unknown}


   Skills:
 - Level 3.4 Fighting
 - Level 2.2 Maces & Flails
 - Level 2.0 Dodging
 - Level 6.1 Stealth
 + Level 9.9 Spellcasting
 + Level 1.2 Transmutations
 + Level 1.5 Poison Magic


You had 19 spell levels left.
You knew the following spells:

 Your Spells              Type           Power      Damage    Failure   Level
a - Sting                 Tmut/Pois      44%        1d5       4%          1
b - Plasma Beam           Fire/Air       3%         2x1d13    100%        6

Your spell library contained the following spells:

 Spells                   Type           Power      Damage    Failure   Level
 Foxfire                  Conj/Fire      28%        2x1d5     8%          1
 Passwall                 Tmut/Erth      7%         N/A       9%          2
 Ensorcelled Hibernation  Hex/Ice        14%        N/A       12%         2
 Portal Projectile        Hex/Tloc       14%        N/A       22%         3
 Anguish                  Hex/Necr       3%         N/A       56%         4
 Irradiate                Conj/Tmut      4%         3d13      82%         5
 Yara's Violent Unravell  Hex/Tmut       4%         3d4       82%         5
 Starburst                Conj/Fire      3%         6d3       100%        6


Dungeon Overview and Level Annotations

Branches:
Dungeon (9/15)               Lair (0/5) D:9          Bailey (1/1)
 Temple: D:4-7          Orc: D:9-12

Altars:
Dithmenos
Fedhas
Nemelex Xobeh

Shops:
D:1 ?   D:5 *

Annotations:
D:8 exclusion: downstairs


Innate Abilities, Weirdness & Mutations

You cannot be hasted, slowed, berserked, paralysed or teleported.
You can dig through walls and to a lower floor.
You have a pair of large antennae on your head. (SInv)
Your four strong arms can wield two-handed weapons with a shield.


Message History

Aim: an electric eel (black smoke, water)
The roots erupt in riotous growth!
The electric eel is unaffected. x3
The now-empty wand crumbles to dust.
You hear a shout!
The electric eel shoots out a bolt of lightning at you!
The bolt of electricity hits you.
The electric eel shoots out a bolt of lightning at you!
The bolt of electricity hits the electric eel.
The electric eel completely resists.
The bolt of electricity hits you!
The electric eel shoots out a bolt of lightning at you!
The bolt of electricity hits the electric eel.
The electric eel completely resists.
The bolt of electricity hits you!
Aiming: Throw Flame
Press: ? - help, Shift-Dir - straight line, f - electric eel, p - electric eel
Aim: an electric eel (black smoke, water, 48% to hit)
Okay, then.
Unknown command.
Unknown command.
You feel much better.
The electric eel shoots out a bolt of lightning at you!
The bolt of electricity hits you!
The electric eel shoots out a bolt of lightning at you!
The bolt of electricity misses the electric eel.
The bolt of electricity hits you!
The electric eel shoots out a bolt of lightning at you!
The bolt of electricity hits the electric eel.
The electric eel completely resists.
The bolt of electricity hits you.
You closely miss the electric eel.
The electric eel is moderately wounded.
The electric eel shoots out a bolt of lightning at you!
The bolt of electricity hits you!
* * * LOW HITPOINT WARNING * * *
The electric eel shoots out a bolt of lightning at you!
The bolt of electricity hits the electric eel.
The electric eel completely resists.
The bolt of electricity hits you!
* * * LOW HITPOINT WARNING * * *
The electric eel shoots out a bolt of lightning at you!
The bolt of electricity hits the electric eel.
The electric eel completely resists.
The bolt of electricity hits you!
You die...

#################
≈≈≈S≈≈§§§≈§≈≈≈≈≈#
≈≈S≈≈§SS@§§≈≈≈≈≈#
≈S≈≈≈§S§§§≈≈≈≈≈≈#
≈≈≈≈≈≈§§§≈≈≈≈≈≈≈#
≈≈≈≈≈≈≈≈≈≈≈≈≈≈≈≈#
~~######≈≈≈≈≈≈≈≈#
. #≈≈≈≈≈≈≈≈#
#≈≈≈≈≈≈≈≈#
#≈≈≈≈≈≈≈≈#
#≈≈≈≈≈≈≈≈#
#+#≈≈≈≈≈≈≈≈#
#.~≈≈≈≈≈≈≈≈#
#.~≈≈≈≈≈≈≈≈#
{{#.~≈≈≈≈≈≈≈≈#
{{#.~≈≈≈≈≈≈≈≈#
{{#.~≈≈≈≈≈≈≈≈#
#.~≈≈≈≈≈≈≈≈#
#.~≈≈≈≈≈≈≈≈#
#.~≈≈≈≈≈≈≈≈#
{#.~≈≈≈≈≈≈≈≈#


You could see 3 electric eels.

Vanquished Creatures
  An ice beast (D:8)
  A phantom (D:6)
  3 bullfrogs
  A scorpion (D:5)
  A killer bee (D:8)
  3 electric eels (Bailey)
  A crimson imp (D:7)
  A gnoll bouda (D:4)
  3 hounds
  A jelly (D:5)
  2 orc priests
  4 iguanas
  4 orc wizards
  Natasha (thrice) (D:2)
  10 gnolls
  5 adders
  A white imp (D:7)
  2 worms
  A dart slug (D:5)
  19 orcs
  2 ball pythons
  6 endoplasms
  3 giant cockroaches
  8 hobgoblins
  12 jackals
  9 kobolds
  9 quokkas
  6 bats
  2 frilled lizards (D:1)
  5 goblins
  A rat (D:1)
130 creatures vanquished.

Notes
Turn   | Place    | Note
-------+----------+-------------------------------------------
     0 | D:5      | petzl the Formicid Delver began the quest for the Orb.
     0 | D:5      | Reached XP level 1. HP: 18/18 MP: 1/1
    19 | D:6      | Reached XP level 2. HP: 18/24 MP: 2/2
   130 | D:4      | Reached skill level 2 in Spellcasting
   130 | D:4      | Reached XP level 3. HP: 9/29 MP: 2/6
   266 | D:4      | Reached skill level 3 in Spellcasting
   266 | D:4      | Reached XP level 4. HP: 13/35 MP: 6/8
   546 | D:4      | You fall into a shaft and drop 1 floor!
   830 | D:4      | Reached XP level 5. HP: 33/41 MP: 10/10
  1068 | D:5      | Reached skill level 4 in Spellcasting
  1213 | D:5      | Reached XP level 6. HP: 22/47 MP: 11/13
  1234 | D:5      | Found Dawuhen's Assorted Antiques.
  1598 | D:2      | Reached skill level 5 in Spellcasting
  1637 | D:2      | Identified a scroll of acquirement
  1638 | D:2      | Acquired the +1 pair of gloves of Duhitha {rPois Int+3}
  1719 | D:2      | Noticed Natasha
  1728 | D:2      | Killed Natasha
  2105 | D:1      | Found Monliwin's Magic Scroll Boutique.
  2135 | D:1      | Bought a scroll of identify for 24 gold pieces
  2135 | D:1      | Bought a scroll of identify for 24 gold pieces
  2135 | D:1      | Bought a scroll of noise for 12 gold pieces
  2135 | D:1      | Bought a scroll of identify for 24 gold pieces
  2515 | D:1      | Bought a scroll of identify for 24 gold pieces
  2733 | D:2      | Noticed Natasha
  2741 | D:2      | Killed Natasha
  2861 | D:2      | Noticed Natasha
  2872 | D:2      | Killed Natasha
  2873 | D:2      | Reached skill level 6 in Spellcasting
  3194 | D:3      | Reached XP level 7. HP: 37/52 MP: 16/16
  3335 | D:3      | Found a shadowy altar of Dithmenos.
  3855 | D:3      | Found a sparkling altar of Nemelex Xobeh.
  3855 | D:3      | Found a blossoming altar of Fedhas.
  3859 | D:3      | Noticed a water moccasin
  5072 | D:1      | Bought a scroll of fog for 48 gold pieces
  5225 | D:5      | Reached skill level 7 in Spellcasting
  5939 | D:5      | Reached XP level 8. HP: 54/58 MP: 19/19
  6311 | D:6      | Reached skill level 8 in Spellcasting
  7486 | D:7      | Reached skill level 9 in Spellcasting
  7727 | D:8      | Identified the +0 broad axe of Focus {flame, rF+}
  7804 | D:8      | Noticed a wyvern
  7819 | D:8      | You fall into a shaft and drop 1 floor!
  7961 | D:9      | Noticed a yak
  7961 | D:9      | Noticed a yak
  7961 | D:9      | Noticed a yak
  7995 | D:9      | Noticed a troll
  8135 | D:8      | Found a flagged portal.
  8144 | D:8      | Noticed a wyvern
  8148 | Bailey   | Entered a bailey
  8150 | Bailey   | Acquired the Directory of Spellbinding Reformation
  8155 | Bailey   | Learned a level 1 spell: Sting
  8162 | Bailey   | Learned a level 6 spell: Plasma Beam
  8209 | Bailey   | Reached skill level 1 in Poison Magic
  8353 | Bailey   | Reached skill level 1 in Transmutations
  8461 | Bailey   | Killed from afar by an electric eel

Illustrated notes

Levels and vault maps discovered:
D:1:      ebering_trefoil_twist, layout_basic, serial_shops, shop, minivault_27
D:2:      layout_rooms, kennysheep_generic_room_5, uniq_natasha
D:3:      layout_basic, jmf_multi_god_temple, marbit_many_paths,
          hangedman_decor_points, grunt_ministairs_6
D:4:      layout_layer_cave, chequers_garden, chequers_arboretum
D:5:      layout_basic, serial_shops, shop, serial_bayou_pond_c,
          mrwooster_statue_mirror
D:6:      layout_basic, minmay_misc_feat_doors
D:7:      layout_rooms, minmay_temple_entry_from_below_a, serial_shops, shop,
          kennysheep_cross_room, minmay_fire_ice_demons
D:8:      layout_basic, nicolae_hepliaklqana_ecumenical_no_more, enter_bailey_2
D:9:      layout_roguey, lemuel_tele_altar, kennysheep_slug_shrine,
          dpeg_lair_monsters, grunt_decor_arrowhead, uniq_joseph
Bailey:   bailey_axe_of_yendor_kennysheep, bailey

Skill      XL: |  1  2  3  4  5  6  7  8 |
---------------+-------------------------+-----
Dodging        | 2 |  2.0
Spellcasting   | 2 3 4 6 7 9 |  9.9
Poison Magic   | 1 |  1.5
Transmutations | 1 |  1.2
Fighting       | |  3.4
Maces & Flails | |  2.2
Stealth        | |  6.1

Action                     |  1- 3 |  4- 6 |  7- 9 || total
---------------------------+-------+-------+-------++-------
  Melee: Mace              |    49 |   287 |   309 ||   645
         Punch             |     1 |     6 |     4 ||    11
         Broad axe         |       |       |     3 ||     3
  Throw: Stone             |       |    13 |    41 ||    54
         Dart              |       |       |     6 ||     6
         Throwing net      |       |       |     2 ||     2
   Cast: Sting             |       |       |     5 ||     5
Ability: Shaft Self        |       |     1 |     1 ||     2
         Dig               |       |     1 |     7 ||     8
  Evoke: Wand              |       |       |    17 ||    17
    Use: Scroll            |       |     7 |    15 ||    22
         Potion            |       |       |     2 ||     2
   Stab: Sleeping          |     2 |    11 |     6 ||    19
 Armour: Leather armour    |    21 |    90 |       ||   111
         Ring mail         |       |     9 |   150 ||   159
  Dodge: Dodged            |    39 |   261 |   206 ||   506

Table legend: (Time is in decaauts)
 A = Elapsed time spent in this place.
 B = Non-inter-level travel time spent in this place.
 C = Inter-level travel time spent in this place.
 D = Time resting spent in this place.
 E = Time spent auto-exploring this place.
 F = Levels seen in this place.
 G = Mean time per level.
                   A        B        C        D        E       F      G
               +--------+--------+--------+--------+--------+-----+--------+
         Total |   8666 |   8185 |    481 |   1725 |   3740 |  10 |  866.6 |
       Dungeon |   8353 |   7872 |    481 |   1540 |   3740 |   9 |  928.1 |
        Bailey |    313 |    313 |      0 |    185 |      0 |   1 |  313.0 |
               +--------+--------+--------+--------+--------+-----+--------+

Top non-repeatable levels by time:
     D:4: 1941 daAuts
     D:5: 1441 daAuts
     D:3: 1169 daAuts
     D:6: 1067 daAuts
     D:2: 947 daAuts
     D:1: 823 daAuts
     D:7: 509 daAuts
  Bailey: 313 daAuts
     D:8: 253 daAuts
     D:9: 199 daAuts
